 Dungeon Crawl Stone Soup version 0.20-a0-270-g8e735b6 (webtiles) character file.

1885 KristoblXynda the Covert (level 8, -4/51 HPs)
             Began as a Vampire Monk on Dec 9, 2016.
             Was an Elder of Dithmenos.
             Hit by a stone thrown by an orc warrior (9 damage)
             ... on level 6 of the Dungeon.
             The game lasted 00:13:45 (6260 turns).

KristoblXynda the Covert (Vampire Monk)             Turns: 6260, Time: 00:13:47

Health: -4/51      AC: 14    Str: 11    XL:     8   Next: 92%
Magic:  9/9        EV: 12    Int: 13    God:    Dithmenos [****..]
Gold:   354        SH:  0    Dex: 17    Spells: 7/7 levels left

rFire  . . .     SeeInvis +       - Unarmed
rCold  + . .     Gourm    .     l - +3 ring mail {rPois}
rNeg   + + +     Faith    .     (no shield)
rPois  +         Spirit   .     (no helmet)
rElec  .         Reflect  .     i - +2 cloak of the Thief {+Fog Slay-2 SInv Stlth+}
rCorr  .         Harm     .     c - +1 pair of gloves
MR     .....                    (no boots)
Stlth  +++++++++.               f - amulet of regeneration
                                (no ring)
                                g - ring of Quteiro {rPois rN+ Stlth+}

@: lethally poisoned (-4 -> -34), regenerating slowly, wreathed by umbra
A: fangs 3, hooves 1, see invisible, frail 1, low mp 1, unbreathing
a: Bat Form, Shadow Step, Renounce Religion, Evoke Fog


You were on level 6 of the Dungeon.
You worshipped Dithmenos.
Dithmenos was greatly pleased with you.
You were very thirsty.

You visited 2 branches of the dungeon, and saw 7 of its levels.

You collected 354 gold pieces.

Inventory:

Armour
 c - a +1 pair of gloves (worn)
 i - the +2 cloak of the Thief (worn) {+Fog Slay-2 SInv Stlth+}
   (You found it on level 5 of the Dungeon)

   It affects your accuracy and damage with ranged weapons and melee attacks
   (-2).
   It lets you see invisible.
   It can be evoked to emit clouds of fog.
   It makes you more stealthy.
 l - a +3 ring mail of poison resistance (worn)
Jewellery
 f - an amulet of regeneration (around neck)
 g - the ring of Quteiro (left hand) {rPois rN+ Stlth+}
   (You found it on level 5 of the Dungeon)

   [ring of stealth]

   It protects you from poison.
   It protects you from negative energy.
   It makes you more stealthy.
Scrolls
 h - a scroll of teleportation
 k - 5 scrolls of remove curse
 n - a scroll of enchant weapon
Potions
 a - a potion of ambrosia
 b - 11 potions of blood
 e - a potion of magic
 j - a potion of agility {unknown}
 m - a potion of flight


   Skills:
 - Level 2.6 Fighting
 + Level 4.4 Armour
 - Level 4.1 Dodging
 + Level 9.7 Stealth
 + Level 7.1 Unarmed Combat
 - Level 3.1 Invocations
 + Level 3.1 Evocations


You had 7 spell levels left.
You didn't know any spells.

Dungeon Overview and Level Annotations

Branches:
Dungeon (6/15)             Temple (1/1) D:6

Altars:
Ashenzari
Cheibriados
Dithmenos
Elyvilon
Fedhas
Gozag
Hepliaklqana
Kikubaaqudgha
Makhleb
Nemelex Xobeh
Okawaru
Qazlal
Ru
Sif Muna
Trog
Uskayaw
Vehumet
Xom
Yredelemnul
Zin
The Shining One

Shops:
D:4 *


Innate Abilities, Weirdness & Mutations

You heal slowly.
You have razor-sharp teeth.
You have supernaturally acute eyesight. (SInv)
You can survive without breathing.
You have large cloven feet.
You are frail. (-10% HP)
Your magical capacity is low. (-10% MP)


Message History

* * * LOW HITPOINT WARNING * * *
You are lethally poisoned!
You hit the orc warrior. Your bite misses the orc warrior.
The orc warrior is lightly wounded.
* * * LOW HITPOINT WARNING * * *
You feel very sick.
The orc warrior hits you but does no damage.
You are more poisoned.
Okay, then.
You fail to use your ability.
* * * LOW HITPOINT WARNING * * *
You feel very sick. The orc warrior barely misses you.
Unknown command.
* * * LOW HITPOINT WARNING * * *
You feel very sick.
You see here a stone.
Unknown command.
The orc warrior throws a stone.
The stone hits you!
You die...

#.......# .##
#...........
#.......#.#
#.........#
#.....oo#
#.##.##(# # #o#
#. #(#
###.#####@######
#......##......##
#......(....... #
#.##.###....P.P
#.#.##.# ....._.
#.# #.#.##.#
....P.P ...
#......# ##.....
#.# ###)####
#.#### #.# #.#
#.# #.#


You could see an orc warrior and 2 orcs.

Vanquished Creatures
  Grinder (D:5)
  Eustachio (D:5)
  An orc warrior (D:6)
  A sky beast (D:5)
  3 centaurs
  A bullfrog (D:6)
  A scorpion (D:6)
  A howler monkey (D:6)
  2 crimson imps
  A quasit (D:6)
  3 orc priests
  A centaur zombie (D:5)
  11 orc wizards
  An iguana (D:5)
  9 worker ants
  A howler monkey zombie (D:6)
  3 gnolls (D:3)
  7 adders
  An ooze (D:2)
  An adder skeleton (D:3)
  2 worms
  A dart slug (D:1)
  5 leopard geckos
  10 orcs
  6 bats
  A giant cockroach (D:2)
  11 hobgoblins
  9 kobolds
  6 quokkas
  A ball python skeleton (D:5)
  2 frilled lizards
  11 goblins
  A jackal zombie (D:6)
  A leopard gecko skeleton (D:6)
  7 rats
125 creatures vanquished.

Vanquished Creatures (others)
  A bat (D:1)
1 creature vanquished.

Grand Total: 126 creatures vanquished

Notes
Turn   | Place    | Note
-------+----------+-------------------------------------------
     0 | D:1      | KristoblXynda the Vampire Monk began the quest for the Orb.
     0 | D:1      | Reached XP level 1. HP: 17/17 MP: 1/1
   176 | D:1      | Reached XP level 2. HP: 10/23 MP: 2/2
   619 | D:1      | Reached skill level 4 in Stealth
  1040 | D:2      | Reached XP level 3. HP: 18/28 MP: 3/3
  1298 | D:2      | Found a shadowy altar of Dithmenos.
  1336 | D:2      | Became a worshipper of Dithmenos the Shadowed
  1336 | D:2      | Reached * piety under Dithmenos
  1336 | D:2      | Reached ** piety under Dithmenos
  1392 | D:2      | Reached XP level 4. HP: 33/34 MP: 4/4
  1394 | D:2      | Reached skill level 5 in Stealth
  1746 | D:3      | Reached skill level 1 in Invocations
  1944 | D:3      | Reached XP level 5. HP: 38/39 MP: 5/5
  2117 | D:3      | Reached skill level 1 in Armour
  2282 | D:3      | Found a basalt altar of Yredelemnul.
  2468 | D:3      | Reached *** piety under Dithmenos
  2664 | D:3      | Gained mutation: You have large cloven feet. [potion of mutation]
  2664 | D:3      | Gained mutation: Your magical capacity is low. (-10% MP) [potion of mutation]
  2664 | D:3      | Gained mutation: You are frail. (-10% HP) [potion of mutation]
  2991 | D:3      | Found a hide-covered altar of Uskayaw.
  3181 | D:4      | Found Ynaaqap's Elemental Accessories.
  3219 | D:4      | Reached skill level 6 in Stealth
  3219 | D:4      | Reached XP level 6. HP: 16/41 MP: 6/6
  3971 | D:4      | Reached skill level 5 in Unarmed Combat
  4134 | D:5      | Entered Level 5 of the Dungeon
  4157 | D:5      | Noticed Grinder
  4161 | D:5      | Reached XP level 7. HP: 36/45 MP: 7/7
  4176 | D:5      | Killed Grinder
  4176 | D:5      | Reached skill level 7 in Stealth
  4470 | D:5      | Reached skill level 8 in Stealth
  4503 | D:5      | Reached skill level 1 in Evocations
  4522 | D:5      | Reached XP level 8. HP: 38/51 MP: 9/9
  4759 | D:5      | Noticed Eustachio
  4926 | D:5      | Killed Eustachio
  4953 | D:5      | Found an ancient bone altar of Kikubaaqudgha.
  5100 | D:5      | Got a fine iron ring
  5353 | D:6      | Reached skill level 9 in Stealth
  5371 | D:6      | Reached **** piety under Dithmenos
  5502 | D:6      | Found a staircase to the Ecumenical Temple.
  5535 | Temple   | Entered the Ecumenical Temple
  6041 | D:6      | Identified the ring of Quteiro {rPois rN+ Stlth+} (You found it on level 5 of the Dungeon)
  6224 | D:6      | Found a basalt altar of Yredelemnul.
  6260 | D:6      | Hit by a stone thrown by an orc warrior

Vault maps used:
D:1:      dpeg_arrival_pits
D:2:      kennysheep_the_goblin_king, grunt_dithmenos_smoke
D:3:      minitemple, corexii_hall_statues_t
D:4:      first_bread, nicolae_elemental_shop
D:5:      basic_altar, uniq_grinder, uniq_eustachio
D:6:      yredelemnul_altar_generic
Temple:   compressed_dpeg_circular_temple

Skill      XL: |  1  2  3  4  5  6  7  8 |
---------------+-------------------------+-----
Stealth        | 4 5 6 8 9 |  9.7
Dodging        | 4 |  4.1
Unarmed Combat | 4 5 6 7 |  7.1
Invocations    | 1 2 3 |  3.1
Armour         | 1 2 3 4 |  4.4
Evocations     | 1 3 |  3.1
Fighting       | |  2.6

Action                   |  1- 3 |  4- 6 |  7- 9 || total
-------------------------+-------+-------+-------++-------
Melee: Unarmed           |   117 |   282 |   414 ||   813
       Punch             |     4 |     8 |    11 ||    23
       Bite              |    12 |    21 |    38 ||    71
       Kick              |       |    21 |   116 ||   137
  Use: Potion            |       |    17 |     6 ||    23
       Scroll            |       |    11 |     8 ||    19
 Stab: Sleeping          |     8 |    14 |     5 ||    27
Armor: Robe              |    33 |     5 |       ||    38
       Ring mail         |       |    66 |   194 ||   260
       Skin              |       |    17 |    19 ||    36
Dodge: Dodged            |   101 |   168 |   365 ||   634
